Croesus, chaotic male elven Ranger ----------- --+---+- |.........| --------- ------------- |......| |.........| |.......| |.*/[%%?//%/| |>.....| ##..........| |.......-####----- #md..*%.!????[| |......| # |.........| |.......| #...#| @ ------------- --.----- ### ---.------- |.......| |...| # # # # |.......| |...| # # ### # ------.-- --.-- # # # # ## # # ### #%# # # # # # # # ### # # ---|-# ---|----- # # # |...|# |.......-## ################`#### # |...|# |.......| # -.------ -.----.-----# |...|# |.......-######.......| |..........|# |....# |.......| # |......| |.)........|# ----- |...<....######.......| |...........# |.......| |.....^| ------------ --------- -------- Croesus the Tenderfoot Experience level: 1 Strength: 16 Dexterity: 10 Constitution: 15 Intelligence: 14 Wisdom: 14 Charisma: 7 Health: 0(13) Energy: 5(5) Def: 3 Gold: 458 Moves: 1339 Dungeon seed: 3LfIHeqRwb-2TS2Z Game ID: Croesus_1579617982 Your Inventory: Weapons a - 37 uncursed +0 elven arrows c - 56 uncursed +2 elven arrows d - an uncursed +1 elven dagger (alternate weapon; not wielded) e - an uncursed +1 elven bow (weapon in hand) k - 6 uncursed +0 ya Z - 57 uncursed +0 arrows (in quiver) Armor b - an uncursed +2 elven cloak (being worn) Comestibles f - 5 uncursed lembas wafers i - an uncursed tripe ration j - an uncursed mango p - an uncursed cram ration Wands q - an uncursed wand of probing (0:4) Tools h - an uncursed oil lamp (0:1184) m - an uncursed bag of tricks (0:10) Gems n - an uncursed worthless piece of white glass Coins $ - 458 gold pieces Spells and supernatural/magical abilities: Name Level Category Cost Memory W - pray for help -- divine ? -- Your skills at the end: Fighting Skills wands [Basic] Weapon Skills dagger [Basic] bow [Basic] Spellcasting Skills Final Attributes: You were piously aligned. You were immune to sleep. You saw invisible. You had automatic searching. You had infravision. You were stealthy. Mars was noncommittal. You are dead. Vanquished creatures: a gecko 4 jackals 2 kobolds 2 sewer rats 3 grid bugs 2 bats 2 newts 16 creatures vanquished. Voluntary challenges: You were an atheist. You used a wielded weapon 5 times, starting on turn 700. You were illiterate. You never genocided any monsters. You never polymorphed an object. You never changed form. You used no wishes. You never split a pudding. You never wrote Elbereth's name. You never violated your personal moral code. Dungeon overview: The Dungeons of Doom: levels 1 to 4 Level 1 a long staircase Level 2 a vault Level 3 <- You were here a general store, a sink Level 4 History has recorded: On T:1 you entered the Dungeons of Doom to retrieve the Amulet of Yendor! On T:68 you reached level 2 of The Dungeons of Doom. On T:431 you reached level 3 of The Dungeons of Doom. On T:1105 you reached level 4 of The Dungeons of Doom. Score breakdown: Gold: 458 ( 9054 points) Experience: 1 level ( 0 points) Exploration: 4 levels ( 8.70%) ( 7745 points) Discoveries: 2 items ( 0.68%) ( 2470 points) Valuables value: (no points given unless you survive) Artifact value: 0 ( 0 points) Variety of kills: 7 monsters ( 1.84%) ( 4071 points) Turncount: 1339 turns ( 0 points) Survival: died (score multiplied by 80%) Total score: 18672 Latest messages: The small mimic hits! You miss the small mimic. (4x) The small mimic hits! You stop searching. (2x) [4 turns] You are now wielding your elven bow. d - an uncursed +1 elven dagger (alternate weapon; not wielded). The arrow hits the small mimic! Sirius misses the small mimic. You shoot 2 arrows. The 1st arrow hits the small mimic! The 2nd arrow hits the small mimic. Sirius misses the small mimic. The arrow misses the small mimic. Sirius drops an orange gem. Sirius bites the small mimic. The small mimic misses Sirius. Sirius misses the small mimic. The arrow misses the small mimic. Sirius misses the small mimic. The small mimic hits! You die... Final status: Goodbye Croesus the Ranger, killed by a small mimic... You died in The Dungeons of Doom on dungeon level 3 with 18672 points, and 458 pieces of gold, after 1339 moves. You were level 1 with a maximum of 13 hit points when you died.